 Dungeon Crawl Stone Soup version 0.32-a0-747-gc8563f6773 (webtiles) character file.

Game seed: 8938735826885509355

170280 Bitman the Peltast (level 17, -6/166 HPs)
             Began as a Minotaur Berserker on Mar 17, 2024.
             Was a High Priest of Trog.
             Mangled by a tyrant leech (17 damage)
             ... on level 4 of the Swamp.
             The game lasted 01:18:59 (28190 turns).

Bitman the Peltast (Minotaur Berserker)            Turns: 28190, Time: 01:18:59

Health: -6/166     AC: 32    Str: 30    XL:     17   Next: 37%
Magic:  14/14      EV: 12    Int:  4    God:    Trog [*****.]
Gold:   484        SH: 21    Dex: 19    Spells: 16/16 levels left

rFire   + . .        b - +3 demon whip (venom)
rCold   + + .        y - +0 kite shield
rNeg    + . .        H - +4 pearl dragon scales of Yredelemnul's Regard {rC+ rN+ Dex+3}
rPois   +            (helmet restricted)
rElec   .            e - +1 cloak {rPois}
rCorr   +            k - +2 pair of gloves
SInv    .            w - +2 pair of boots
Will    +++..        r - amulet of reflection Stlth
                     R - ring of protection from fire
HPRegen 2.27/turn    S - ring of Pasy {rC+ rCorr Int+2 Dex+6 Stlth-}
MPRegen 0.14/turn

%: random rage (3%), reflection
@: strong-willed, on berserk cooldown, regenerating, slowed, very slow
A: horns 2, retaliatory headbutt, hooves 2, berserk 1, dopey 1, low MP 1,
regeneration 1
a: Renounce Religion, Berserk, Trog's Hand, Brothers in Arms


You were on level 4 of the Swamp.
You worshipped Trog.
Trog was extremely pleased with you.
You visited 4 branches of the dungeon, and saw 26 of its levels.
You also visited: Bailey and Volcano.

You collected 3086 gold pieces.
You spent 2602 gold pieces at shops.

Inventory:

Hand Weapons
 b - a +3 demon whip of venom (weapon)
Missiles
 Q - 18 javelins
Armour
 e - a +1 cloak of poison resistance (worn)
 k - a +2 pair of gloves (worn)
 w - a +2 pair of boots (worn)
 y - a +0 kite shield (worn)
 A - the +4 cloak "Qeseeh" {Int+3}
   (You bought it in a shop on level 2 of the Orcish Mines)

   Int+3:     It affects your intelligence (+3).
 H - the +4 pearl dragon scales of Yredelemnul's Regard (worn) {rC+ rN+ Dex+3}
   (You bought it in a shop on level 2 of the Orcish Mines)

   Dex+3:     It affects your dexterity (+3).
   rC+:       It protects you from cold.
   rN+:       It protects you from negative energy.
Jewellery
 f - a +6 ring of strength
 r - an amulet of reflection (around neck)
 C - a ring of protection from cold
 D - the ring of Xom's Fury {Fly rElec}
   (You found it on level 12 of the Dungeon)

   [ring of flight]

   rElec:     It insulates you from electricity.
   Fly:       It grants you flight.
 R - a ring of protection from fire (left hand)
 S - the ring of Pasy (right hand) {rC+ rCorr Int+2 Dex+6 Stlth-}
   (You found it on level 12 of the Dungeon)

   [ring of dexterity]

   Int+2:     It affects your intelligence (+2).
   Dex+6:     It affects your dexterity (+6).
   rC+:       It protects you from cold.
   rCorr:     It protects you from acid and corrosion.
   Stlth-:    It makes you less stealthy.
 U - a ring of see invisible
 V - an amulet of regeneration
Wands
 a - a wand of polymorph (10)
 d - a wand of digging (4)
 l - a wand of roots (26)
 n - a wand of paralysis (31)
 q - a wand of mindburst (27)
 x - a wand of flame (25)
 X - a wand of quicksilver (9)
Scrolls
 g - 2 scrolls of enchant weapon
 j - 8 scrolls of teleportation
 v - 13 scrolls of identify
 z - 3 scrolls of enchant armour
 B - 5 scrolls of fog
 E - 6 scrolls of revelation
 F - a scroll of summoning {unknown}
 M - 2 scrolls of blinking
 W - 2 scrolls of fear
Potions
 c - a potion of enlightenment
 h - 2 potions of invisibility
 i - 4 potions of might
 m - 4 potions of resistance
 o - 2 potions of cancellation
 p - 7 potions of haste
 s - a potion of berserk rage
 t - 8 potions of curing
 u - 4 potions of heal wounds
 I - a potion of mutation
 P - 2 potions of ambrosia
Miscellaneous
 G - a phial of floods


   Skills:
 + Level 18.3 Fighting
 - Level 12.6(13.7) Axes
 - Level 8.9(12.0) Maces & Flails
 + Level 18.2 Armour
 - Level 5.0 Dodging
 + Level 20.3 Shields
 + Level 12.7 Evocations


You had 16 spell levels left.
You didn't know any spells.
Your spell library was empty.

Dungeon Overview and Level Annotations

Branches:
Dungeon (15/15)            Temple (0/1) D:5            Lair (5/5) D:10
  Swamp (4/4) Lair:3        Snake (0/4) Lair:2        Slime (0/5) Lair:5
    Orc (2/2) D:12            Elf (0/3) Orc:2        Vaults (0/5) D:13
 Depths (0/4) D:15         Bailey (visited)         Volcano (visited)

Altars:
Cheibriados
Dithmenos
Elyvilon
Fedhas
Gozag
Hepliaklqana
Kikubaaqudgha
Makhleb
Nemelex Xobeh
Okawaru
Ru
Wu Jian
Xom
Yredelemnul
Zin
The Shining One
Jiyva

Shops:
D:2 (   Orc:2 (!*[(


Innate Abilities, Weirdness & Mutations

You have a pair of horns on your head.
You reflexively headbutt those who attack you in melee.
You have hoof-like feet.
You sometimes lose your temper in combat.
You are dopey. (Int -2)
Your magical capacity is low. (-10% MP)
Your natural rate of healing is unusually fast.


Message History

* * * LOW HITPOINT WARNING * * *
You escape the tentacled monstrosity's grasp.
The trees move their gnarly branches around.
A tree reaches out and hits your iron troll!
Your iron troll is hit by a branch! x2; The hornet closely misses you.
You furiously retaliate!
You headbutt the hornet!!
You kill the hornet!
Trog accepts your kill.
Your iron troll misses the spriggan druid.
Your iron troll barely misses the spriggan druid.
Your iron troll closely misses the spriggan druid.
You block the tyrant leech's attack.
You block the eight-headed hydra's attack. x2
The eight-headed hydra bites you but does no damage. x2
The eight-headed hydra barely misses you.
The eight-headed hydra bites you.
* * * LOW HITPOINT WARNING * * *
The eight-headed hydra barely misses you.
The eight-headed hydra bites you but does no damage.
The spriggan rider hits you but does no damage.
The tyrant leech bites you but does no damage.
The tentacled monstrosity tentacle-slaps you but does no damage. x2
The tentacled monstrosity closely misses you.
The tentacled monstrosity grabs you.
The tentacled monstrosity constricts you.
The eight-headed hydra bites you but does no damage. x2
The eight-headed hydra completely misses you.
The eight-headed hydra bites you but does no damage. x5
You escape the tentacled monstrosity's grasp.
You are hit by a branch!
* * * LOW HITPOINT WARNING * * *
The spriggan druid attacks as it pursues you!
You block the spriggan druid's attack.
Your iron troll bites the eight-headed hydra!!!
Your iron troll claws the eight-headed hydra!!
The eight-headed hydra dies!
Trog accepts your kill. You block the spriggan rider's attack.
You block the spriggan druid's attack. The tyrant leech bites you!
You die...

♣..~~~~~~...♣
♣~.†))~.~~~♣
♣~§†..v§~♣
♣♣♣...♣♣♣♣~♣
♣♣♣♣..~..♣~..♣
♣♣♣♣...~T~~.♣.~.♣
~~~.~~..~~~§♣♣?~♣♣♣
♣♣ ♣~.
~~~<..~iXi.♣♣♣....♣
.~ ♣§~~
~~~~~~.@w~~♣~..§~~♣
~♣♣.~~
~~~~~~~<♣.§.~.♣~~.♣♣
♣.....
~§~~~~~..~.~~~.~††~♣
...~♣
~~~~...~~~.~~~.~~~♣♣
~.~♣♣~~~
~~~~§..~~~~~~.†...♣
.~~♣.~~~
~~~~~..~~....~....♣
<...~~~~
~~~~~.♣.~~..~♣♣♣..♣
.♣..~~~~
~~..~.♣~~~~.♣♣ ♣♣♣♣
~.♣~~~.. ~~~..~~.♣♣


You could see a tentacled monstrosity, a tyrant leech, a spriggan rider, a
spriggan druid (ally target) and a friendly iron troll (summoned, berserk).

Vanquished Creatures
  A tentacled monstrosity (Swamp:4)
  A thorn hunter (Swamp:1)
  An orc warlord (Orc:1)
  2 stone giants
  The ghost of Pijio the Cleaver, a journeyman MDFi of Cheibriados (Lair:4)
  An eleionoma (Swamp:4)
  The ghost of ShinQuickMan the Scorcher, a journeyman DECj of Beogh (D:13)
  The ghost of ForkInBrain the Grappler, a journeyman TrCK of Xom (Lair:2)
  4 bunyips
  A dire elephant (Lair:5)
  A red draconian (Volcano)
  A minotaur (Lair:4)
  The ghost of Haduh the Mimic, a journeyman FeSh of Gozag (D:13)
  A yaktaur captain (D:13)
  2 ettins (Orc:1)
  The ghost of BubbleThief the Spry, a journeyman SpHs of Gozag (D:12)
  Fannar (D:11)
  10 hydras
  An ice dragon (Lair:5)
  Erolcha (D:13)
  2 catoblepae
  5 ogre magi
  21 two-headed ogres
  A merfolk avatar (Lair:5)
  4 centaur warriors
  13 alligators
  3 boulder beetles
  12 death yaks
  3 tengu warriors
  4 spriggans
  4 skysharks
  A spectral spriggan (D:14)
  Amaemon (D:8)
  3 goliath frogs
  2 sea snakes (Lair:5)
  6 swamp dragons
  2 spriggan druids
  4 bog bodies
  2 harpies
  2 lindwurms
  3 orc knights
  8 deep elf pyromancers
  4 oklob plants (Lair:2)
  15 cyclopes
  9 ugly things
  4 manticores
  3 will-o-the-wisps (Swamp:1)
  2 wolf spiders
  3 orc sorcerers
  Maurice (D:7)
  10 elephants
  3 kobold blastminers
  A moth of wrath (D:12)
  10 black mambas
  A molten gargoyle (Volcano)
  4 orange demons
  A torpor snail (Lair:1)
  18 cane toads
  4 gargoyles
  2 efreet (D:13)
  8 rime drakes
  2 kobold demonologists (D:13)
  An unseen horror (D:10)
  2 yaktaurs (Volcano)
  5 komodo dragons
  A spectral human (D:14)
  A tengu conjurer (D:15)
  8 trolls
  10 polar bears
  A wind drake (Lair:5)
  17 hornets
  3 tyrant leeches
  20 blink frogs
  A fire giant simulacrum (D:14)
  2 snapping turtles (Lair:5)
  Grinder (D:4)
  4 dream sheep (Lair:5)
  A slime creature (D:9)
  6 wyverns
  Sigmund (D:3)
  4 wraiths
  39 yaks
  2 centaur simulacra
  2 fire bats (Volcano)
  A shadow (D:9)
  3 vampires
  6 basilisks
  6 steam dragons
  4 wargs
  A redback (D:12)
  A glowing shapeshifter zombie (D:14)
  17 vampire mosquitoes
  5 acid dragons
  20 swamp worms
  22 water moccasins
  2 swamp drakes
  2 ice beasts (D:11)
  24 orc warriors
  A sky beast (D:6)
  2 black bears
  33 ogres
  27 wolves
  9 centaurs
  A phantom (D:4)
  7 kobold brigands
  15 bullfrogs
  8 scorpions
  2 gnoll sergeants
  8 wights
  6 howler monkeys
  7 electric eels
  5 lava snakes (Volcano)
  2 bombardier beetles
  2 jellies
  4 hounds
  2 gnoll boudas
  6 orc priests
  Crazy Yiuf (D:3)
  2 sleepcaps
  5 iguanas
  23 orc wizards
  Terence (D:2)
  Robin (D:2)
  37 gnolls
  10 adders
  2 shadow imps
  8 white imps
  3 dart slugs
  100 orcs
  4 ball pythons
  10 endoplasms
  4 giant cockroaches
  12 goblins
  13 hobgoblins
  18 jackals
  30 kobolds
  2 quokkas (D:3)
  6 bats
  5 frilled lizards
  4 rats
939 creatures vanquished.

Vanquished Creatures (collateral kills)
  A spectral caustic shrike (D:14)
  3 hydras (Swamp:4)
  An alligator (Swamp:4)
  A two-headed ogre (D:14)
  The ghost of jasper the Mimic, a journeyman VSFi of Gozag (D:14)
  2 bog bodies (Swamp:4)
  2 swamp dragons (Swamp:4)
  A will-o-the-wisp (Swamp:4)
  A cyclops (D:14)
  The ghost of NateTC the Ruffian, an amateur TrMo (D:5)
  A hornet (Swamp:4)
  An ettin zombie (D:14)
  2 spriggans (Swamp:4)
  A basilisk (Lair:2)
  A yak (Lair:5)
  A redback (D:12)
  A human zombie (D:14)
  A water moccasin (Lair:2)
  2 swamp drakes (Swamp:4)
  An ettin simulacrum (D:14)
  An orc priest (Orc:1)
  3 orcs (Orc:1)
30 creatures vanquished.

Vanquished Creatures (others)
  A swamp drake (Swamp:4)
  An orc (D:15)
  38 foxfires
40 creatures vanquished.

Grand Total: 1009 creatures vanquished

Notes
Turn   | Place    | Note
-------+----------+-------------------------------------------
     0 | D:1      | Bitman the Minotaur Berserker began the quest for the Orb.
     0 | D:1      | Reached XP level 1. HP: 19/19 MP: 0/0
   146 | D:1      | Reached XP level 2. HP: 27/27 MP: 1/1
   334 | D:1      | Reached ** piety under Trog
   337 | D:1      | Reached XP level 3. HP: 25/33 MP: 2/2
   735 | D:2      | Noticed Robin
   745 | D:2      | Reached XP level 4. HP: 40/40 MP: 3/3
   748 | D:2      | Killed Robin
   771 | D:2      | Noticed Terence
   775 | D:2      | Killed Terence
   776 | D:2      | Reached skill level 1 in Shields
   987 | D:2      | Found Pemyvut's Antique Weapon Shoppe.
  1219 | D:3      | Reached XP level 5. HP: 47/47 MP: 4/4
  1393 | D:3      | Found a runed translucent door.
  1394 | D:3      | Noticed Crazy Yiuf
  1462 | D:3      | Found a blossoming altar of Fedhas.
  1463 | D:3      | Found an ancient bone altar of Kikubaaqudgha.
  1465 | D:3      | Reached skill level 5 in Axes
  1487 | D:3      | Reached *** piety under Trog
  1489 | D:3      | Noticed Sigmund
  1498 | D:3      | Killed Sigmund
  1499 | D:3      | Reached skill level 2 in Shields
  1499 | D:3      | Reached XP level 6. HP: 55/55 MP: 5/5
  1739 | D:3      | Found a faded altar of an unknown god.
  1932 | D:3      | Found a glowing silver altar of Zin.
  2029 | D:3      | Reached skill level 5 in Fighting
  2111 | D:3      | Killed Crazy Yiuf
  2290 | D:4      | Reached XP level 7. HP: 61/61 MP: 6/6
  2397 | D:4      | Found a snail-covered altar of Cheibriados.
  2402 | D:4      | Found a hazy altar of Hepliaklqana.
  2403 | D:4      | Found an iron altar of Okawaru.
  2403 | D:4      | Found an ornate altar of the Wu Jian Council.
  2404 | D:4      | Found a basalt altar of Yredelemnul.
  2405 | D:4      | Found a white marble altar of Elyvilon.
  2449 | D:4      | Reached skill level 5 in Dodging
  2449 | D:4      | Reached skill level 3 in Shields
  2487 | D:4      | Noticed Grinder
  2489 | D:4      | Paralysed by Grinder for 3 turns
  2504 | D:4      | Killed Grinder
  2505 | D:4      | Reached skill level 5 in Armour
  2624 | D:4      | Reached XP level 8. HP: 66/70 MP: 7/7
  2708 | D:4      | Reached skill level 4 in Shields
  2789 | D:4      | Reached **** piety under Trog
  3465 | D:5      | Entered Level 5 of the Dungeon
  3514 | D:5      | Found a staircase to the Ecumenical Temple.
  3540 | D:5      | Reached skill level 5 in Shields
  3899 | D:5      | Found a runed translucent gate.
  3899 | D:5      | Found a runed translucent gate.
  3900 | D:5      | Found a runed translucent gate.
  3902 | D:5      | Noticed NateTC's ghost (amateur TrMo)
  3914 | D:5      | Killed NateTC's ghost
  3915 | D:5      | Reached XP level 9. HP: 79/79 MP: 8/8
  4609 | D:6      | Found a sparkling altar of Nemelex Xobeh.
  4728 | D:6      | Reached skill level 6 in Shields
  4871 | D:6      | Found a shadowy altar of Dithmenos.
  4938 | D:6      | Reached skill level 10 in Axes
  5635 | D:7      | Identified the +3 hand axe of Cyset {heavy, Int+3}
  5679 | D:7      | Noticed a boulder beetle
  5686 | D:7      | Killed a boulder beetle
  5687 | D:7      | Reached skill level 7 in Shields
  5721 | D:7      | Noticed a purple ugly thing
  5721 | D:7      | Noticed Maurice
  5734 | D:7      | Killed a purple ugly thing
  5735 | D:7      | Reached XP level 10. HP: 54/90 MP: 3/9
  5739 | D:7      | Killed Maurice
  5945 | D:7      | Reached ***** piety under Trog
  6785 | D:8      | Found a flagged portal.
  6797 | Bailey   | Entered a bailey
  6978 | Bailey   | Reached skill level 8 in Shields
  7001 | Bailey   | Received a gift from Trog
  7024 | Bailey   | Reached skill level 1 in Evocations
  7077 | Bailey   | Noticed an orc knight
  7087 | Bailey   | Killed an orc knight
  7134 | Bailey   | Gained mutation: Your mind is acute. (Int +4, Str/Dex -1)
                  | [potion of mutation]
  7134 | Bailey   | Gained mutation: You expend magic power (3 MP) to
                  | strengthen your wands. [potion of mutation]
  7134 | Bailey   | Gained mutation: You possess an exceptional clarity of
                  | mind. [potion of mutation]
  7293 | D:8      | Noticed an orange demon
  7294 | D:8      | Noticed Amaemon
  7298 | D:8      | Killed an orange demon
  7301 | D:8      | Killed Amaemon
  7369 | D:8      | Reached XP level 11. HP: 68/97 MP: 10/10
  7370 | D:8      | Noticed a purple ugly thing
  7380 | D:8      | Killed a purple ugly thing
  7381 | D:8      | Reached skill level 1 in Maces & Flails
  7382 | D:8      | Noticed a two-headed ogre
  7393 | D:8      | Reached skill level 9 in Shields
  7578 | D:8      | Killed a two-headed ogre
  7860 | D:9      | Found a sacrificial altar of Ru.
  7860 | D:9      | Found a shimmering altar of Xom.
  8008 | D:9      | Found a burning altar of Makhleb.
  8026 | D:9      | Reached skill level 10 in Fighting
  8164 | D:9      | Noticed a two-headed ogre
  8170 | D:9      | Killed a two-headed ogre
  8184 | D:9      | Reached skill level 10 in Shields
  8273 | D:9      | Reached skill level 5 in Maces & Flails
  8523 | D:9      | Reached skill level 10 in Armour
  8534 | D:9      | Noticed an eight-headed hydra
  8534 | D:9      | Noticed a deep elf pyromancer
  8534 | D:9      | Noticed a cyan ugly thing
  8540 | D:9      | Killed a deep elf pyromancer
  8548 | D:9      | Killed an eight-headed hydra
  8560 | D:9      | Killed a cyan ugly thing
  8744 | D:9      | Found an opulent altar of Gozag.
  8769 | D:9      | Reached skill level 11 in Shields
  8849 | D:9      | Found a glowing golden altar of the Shining One.
  8916 | D:10     | Entered Level 10 of the Dungeon
  8940 | D:10     | Noticed a two-headed ogre
  8952 | D:10     | Killed a two-headed ogre
  8953 | D:10     | Reached XP level 12. HP: 92/108 MP: 11/11
  9218 | D:10     | Found a staircase to the Lair.
  9864 | Lair:1   | Entered Level 1 of the Lair of Beasts
 10138 | Lair:1   | Noticed a death yak
 10138 | Lair:1   | Noticed a death yak
 10139 | Lair:1   | Noticed a death yak
 10140 | Lair:1   | Noticed a death yak
 10141 | Lair:1   | Noticed a death yak
 10142 | Lair:1   | Noticed a death yak
 10146 | Lair:1   | Killed a death yak
 10159 | Lair:1   | Killed a death yak
 10160 | Lair:1   | Reached skill level 12 in Shields
 10160 | Lair:1   | Reached skill level 5 in Evocations
 10348 | Lair:1   | Killed a death yak
 10352 | Lair:1   | Killed a death yak
 10360 | Lair:1   | Killed a death yak
 10366 | Lair:1   | Killed a death yak
 10721 | Lair:1   | Reached skill level 13 in Shields
 11225 | Lair:2   | Found a staircase to the Snake Pit.
 11236 | Lair:2   | Reached XP level 13. HP: 118/118 MP: 12/12
 11469 | Lair:2   | Reached skill level 14 in Shields
 11569 | Lair:2   | Received a gift from Trog
 11948 | Lair:2   | Noticed ForkInBrain's ghost (journeyman TrCK)
 12069 | Lair:2   | Found a runed translucent gate.
 12070 | Lair:2   | Found a runed translucent gate.
 12071 | Lair:2   | Found a runed translucent gate.
 12524 | Lair:2   | Reached skill level 15 in Shields
 12545 | Lair:2   | Killed ForkInBrain's ghost
 12848 | Lair:3   | Found a staircase to the Swamp.
 13314 | Lair:3   | Paralysed by a hornet for 2 turns
 13553 | Lair:3   | Received a gift from Trog
 13556 | Lair:3   | Reached skill level 16 in Shields
 13874 | Lair:4   | Reached XP level 14. HP: 130/130 MP: 13/13
 14349 | Lair:4   | Found a runed translucent gate.
 14349 | Lair:4   | Found a runed translucent gate.
 14351 | Lair:4   | Found a runed translucent gate.
 14360 | Lair:4   | Noticed Pijio's ghost (journeyman MDFi)
 15044 | Lair:4   | Killed Pijio's ghost
 15125 | Lair:5   | Entered Level 5 of the Lair of Beasts
 15553 | Lair:5   | Reached skill level 17 in Shields
 15596 | Lair:5   | Found a viscous altar of Jiyva.
 15596 | Lair:5   | Found a staircase to the Slime Pits.
 16619 | Lair:5   | Identified the +6 trident "Jeantus" {holy, rN+ Str+2}
 16630 | Lair:5   | Reached skill level 15 in Fighting
 16852 | Lair:5   | Identified the +8 war axe of Riluaso {heavy, rF+ Will+}
                  | (Trog gifted it to you on level 5 of the Lair of Beasts)
 16852 | Lair:5   | Received a gift from Trog
 17408 | D:11     | Reached skill level 15 in Armour
 17413 | D:11     | Reached XP level 15. HP: 124/141 MP: 14/14
 17610 | D:11     | You fall into a shaft and drop 2 floors!
 17626 | D:12     | Found a transporter.
 17636 | D:12     | Noticed BubbleThief's ghost (journeyman SpHs)
 17653 | D:12     | Found a transporter.
 17697 | D:12     | Killed BubbleThief's ghost
 17726 | D:12     | Identified the ring of Pasy {rC+ rCorr Int+2 Dex+6 Stlth-}
 17733 | D:12     | Identified the ring of Xom's Fury {Fly rElec}
 17930 | D:12     | Found a staircase to the Orcish Mines.
 18836 | D:11     | Noticed Fannar
 18851 | D:11     | Killed Fannar
 19452 | D:13     | Reached skill level 10 in Evocations
 19712 | D:13     | Reached skill level 18 in Shields
 19740 | D:13     | Noticed Erolcha
 19750 | D:13     | Killed Erolcha
 19848 | D:13     | Found a gate to the Vaults.
 20009 | D:13     | Found a runed translucent gate.
 20009 | D:13     | Found a runed translucent gate.
 20009 | D:13     | Found a runed translucent gate.
 20012 | D:13     | Noticed ShinQuickMan's ghost (journeyman DECj)
 20147 | D:13     | Noticed Haduh's ghost (journeyman FeSh)
 20272 | D:13     | Killed Haduh's ghost
 20280 | D:13     | Killed ShinQuickMan's ghost
 20790 | D:14     | Found a runed translucent gate.
 20791 | D:14     | Found a runed translucent gate.
 20792 | D:14     | Found a runed translucent gate.
 20801 | D:14     | Noticed jasper's ghost (journeyman VSFi)
 20827 | D:14     | Killed jasper's ghost
 20872 | D:14     | Lost mutation: You expend magic power (3 MP) to strengthen
                  | your wands. [potion of mutation]
 20872 | D:14     | Lost mutation: You possess an exceptional clarity of mind.
                  | [potion of mutation]
 20872 | D:14     | Lost mutation: Your mind is acute. (Int +4, Str/Dex -1)
                  | [potion of mutation]
 20872 | D:14     | Gained mutation: You have large cloven feet. [potion of
                  | mutation]
 20872 | D:14     | Gained mutation: You sometimes lose your temper in combat.
                  | [potion of mutation]
 20872 | D:14     | Gained mutation: Your muscles are strong. (Str +4, Int/Dex
                  | -1) [potion of mutation]
 20872 | D:14     | Gained mutation: You have hoof-like feet. [potion of
                  | mutation]
 21348 | D:15     | Entered Level 15 of the Dungeon
 21369 | D:15     | Paralysed by an orc sorcerer for 3 turns
 21377 | D:14     | HP: 4/144 [two-headed ogre/+0 giant spiked club (7)]
 21640 | D:15     | Identified the +1 leather armour "Aschu" {^Contam rElec
                  | Will++ Int+3}
 21990 | D:15     | Found a staircase to the Depths.
 22554 | Orc:1    | Entered Level 1 of the Orcish Mines
 22720 | Orc:1    | Reached XP level 16. HP: 152/152 MP: 15/15
 22865 | Orc:1    | Found a dark tunnel.
 22973 | Volcano  | Entered a volcano
 23243 | Volcano  | Found a burning altar of Makhleb.
 23493 | Orc:1    | Received a gift from Trog
 23568 | Orc:1    | Reached skill level 19 in Shields
 23928 | Orc:1    | Lost mutation: Your muscles are strong. (Str +4, Int/Dex
                  | -1) [potion of mutation]
 23928 | Orc:1    | Lost mutation: You have hoof-like feet. [potion of
                  | mutation]
 23928 | Orc:1    | Gained mutation: You have very sharp teeth. [potion of
                  | mutation]
 23928 | Orc:1    | Gained mutation: You have hoof-like feet. [potion of
                  | mutation]
 24198 | Orc:1    | Identified the +6 scale mail of the Impish God {Dex+4 SInv}
 24208 | Orc:1    | Found the +3 giant club "Skullcrusher" {speed, Str+7}
 24211 | Orc:1    | Identified the +10 glaive "Xofriawk" {flame, ^Drain rPois
                  | rF+ rCorr Stlth+}
 24213 | Orc:1    | Identified the +9 shortbow "Gumuli" {drain, rCorr Int+3}
 24215 | Orc:1    | Identified the +11 long sword of Tocvocor {speed, rElec
                  | rPois rF+ rN+}
 24216 | Orc:1    | Identified the +4 war axe "Yfotuh" {freeze, rElec Will+
                  | Dex+3}
 24218 | Orc:1    | Identified the +11 flail of the Keeping Gods {vamp, *Slow
                  | Str+6}
 24271 | Orc:2    | Entered Level 2 of the Orcish Mines
 24271 | Orc:2    | Found Roigodie's Antique Weapon Shoppe.
 24380 | Orc:2    | Found a staircase to the Elven Halls.
 24751 | Orc:2    | Paralysed by something for 2 turns
 25053 | Orc:2    | Found Coeheq's General Store.
 25053 | Orc:2    | Found Kuotz's Distillery.
 25054 | Orc:2    | Found Archimn's Antique Weapon Shop.
 25054 | Orc:2    | Found Untarekk's Armour Emporium.
 25073 | Orc:2    | Bought the +4 pearl dragon scales of Yredelemnul's Regard
                  | {rC+ rN+ Dex+3} for 1896 gold pieces
 25233 | Orc:2    | Bought the +4 cloak "Qeseeh" {Int+3} for 567 gold pieces
 25245 | Orc:2    | Bought a potion of curing for 54 gold pieces
 25246 | Orc:2    | Bought a wand of paralysis (1) for 31 gold pieces
 25246 | Orc:2    | Bought a wand of flame (6) for 54 gold pieces
 25448 | Swamp:1  | Entered Level 1 of the Swamp
 25499 | Swamp:1  | Identified the +12 sling of Defence {heavy, rPois Str-4
                  | Dex+5}
 25531 | Swamp:1  | Noticed a thorn hunter
 25562 | Swamp:1  | Killed a thorn hunter
 26648 | Swamp:2  | Lost mutation: You have very sharp teeth. [potion of
                  | mutation]
 26648 | Swamp:2  | Lost mutation: You sometimes lose your temper in combat.
                  | [potion of mutation]
 26648 | Swamp:2  | Gained mutation: Your magical capacity is low. (-10% MP)
                  | [potion of mutation]
 26648 | Swamp:2  | Gained mutation: You are dopey. (Int -2) [potion of
                  | mutation]
 26648 | Swamp:2  | Gained mutation: You sometimes lose your temper in combat.
                  | [potion of mutation]
 26648 | Swamp:2  | Gained mutation: Your natural rate of healing is unusually
                  | fast. [potion of mutation]
 27222 | Swamp:3  | Reached XP level 17. HP: 163/163 MP: 14/14
 27596 | Swamp:3  | Reached ****** piety under Trog
 27605 | Swamp:3  | Reached skill level 20 in Shields
 27926 | Swamp:4  | Entered Level 4 of the Swamp
 27963 | Swamp:4  | Identified the +6 mace of the Equinox {heavy, ^Contam rElec
                  | Dex+6} (Trog gifted it to you on level 4 of the Swamp)
 27963 | Swamp:4  | Received a gift from Trog
 28016 | Swamp:4  | Noticed a tentacled monstrosity
 28031 | Swamp:4  | Killed a tentacled monstrosity
 28163 | Swamp:4  | Noticed a tentacled monstrosity
 28190 | Swamp:4  | Mangled by a tyrant leech

Illustrated notes

Levels and vault maps discovered:
D:1:      minmay_arrival_split_and_join, layout_rooms, lexackson_kobold_supper
D:2:      layout_basic, serial_shops, nicolae_shop_behind_doors,
          nicolae_houndstooth_variations, uniq_terence, uniq_robin
D:3:      layout_loops_ring, grunt_temple_overflow_growth_and_decay,
          mainiacjoe_overflow_alcove_4, dilly_ecumenical_altar_fadedgnrine,
          corexii_hall_statues_i, uniq_crazy_yiuf_cottage, uniq_sigmund
D:4:      lemuel_castle_with_subvaults [lemuel_castle_interior_original],
          layout_basic, minitemple, minmay_stone_trees_small,
          minmay_misc_feat_plants, dk_noncrumbling_4, uniq_grinder
D:5:      layout_cave_pods, temple_statues, ebering_ghost_rock_garden,
          minmay_between
D:6:      lemuel_ice_spiral_2, layout_rooms, mainiacjoe_overflow_24_doors,
          kennysheep_mini
D:7:      layout_basic, nicolae_concentric_dashed_squares_wild,
          minmay_three_doors, uniq_maurice
D:8:      minmay_skewed_foursquare, layout_rooms, enter_bailey_6,
          grunt_potential, uniq_amaemon
D:9:      minmay_chambers_of_sevens, layout_irregular_city,
          kennysheep_little_box, nicolae_overflow_macrodata_refinement
D:10:     layout_basic, dpeg_oklobed_lair
D:11:     layout_long_grid, serial_ice, serial_ice_f, serial_ice_c,
          serial_ice_e, serial_ice_l, uniq_fannar
D:12:     layout_basic, orc_0_dummy, gammafunk_ghost_berserking_beasts,
          drop_trap, nicolae_the_louvre
D:13:     layout_cave_pools, hellmonk_vaults_attempted_burglary,
          gammafunk_ghost_cemetery, kennysheep_minor_cross, feat_on_display,
          uniq_erolcha
D:14:     layout_loops_corners, gammafunk_ghost_necromancy,
          gauntlet_entry_generic, kennysheep_doodads
D:15:     grunt_enter_depths_snipers, layout_cave_pools,
          hangedman_abyss_or_decor_jellyfish_corner
Lair:1:   layout_regular_city
Lair:2:   minmay_lair_oklob_chamber, layout_misc_corridors,
          minmay_snake_entry_six_corridors, gammafunk_ghost_split
Lair:3:   layout_roguey, minmay_swamp_entry_eels, dreamdust_wasp_nest
Lair:4:   beargit_carnivore_pack, layout_layer_cave,
          maelrawn_ghost_gauntlet_escape, chequers_serial_rivers_marsh
Lair:5:   gammafunk_lair_ancient_temple, layout_regular_city, slime_entry_1,
          bobbens_ice_dragon_lair
Swamp:1:  layout_basic_swamp, nicolae_swamp_ascending_descending,
          infiniplex_staircase_pool_2, nicolae_swamp_long_stream
Swamp:2:  layout_basic_swamp, evilmike_swamp_ruin_house_6
Swamp:3:  layout_basic_swamp, nicolae_swamp_trees_clearing
Swamp:4:  grunt_swamp_rune_castle, layout_basic_swamp,
          portal_ice_cave_entry_ice_statue_two
Orc:1:    giant_chief_lemuel, layout_caves, nicolae_volcano_entry_two_sided,
          einodemon_barbed_minivault
Orc:2:    st_orc_ogre_mass, layout_caves, serial_shops, shop

Skill      XL: |  1  2  3  4  5  6  7  8  9 10 11 12 13 14 15 16 17 |
---------------+----------------------------------------------------+-----
Axes           | 4 5 7 9 11 12 | 12.6
Fighting       | 4 5 7 8 9 10 12 13 15 16 17 18 | 18.3
Armour         | 3 4 5 6 8 9 10 11 13 15 16 17 18 | 18.2
Dodging        | 3 4 5 |  5.0
Shields        | 1 2 3 5 7 8 11 13 16 17 18 19 20 | 20.3
Evocations     | 2 4 6 7 9 11 12 | 12.7
Maces & Flails | 7 8 |  8.9

Action                     |  1- 3 |  4- 6 |  7- 9 | 10-12 | 13-15 | 16-18 || total
---------------------------+-------+-------+-------+-------+-------+-------++-------
  Melee: Hand axe          |    61 |   102 |   337 |   123 |       |       ||   623
         Headbutt          |     9 |    13 |    61 |   110 |   352 |   237 ||   782
         Broad axe         |       |       |       |    22 |       |       ||    22
         Demon whip        |       |       |       |   458 |  1395 |   813 ||  2666
         Bite              |       |       |       |       |       |    44 ||    44
 Invoke: Berserk           |     1 |     3 |     4 |     4 |    14 |     2 ||    28
         Trog's Hand       |       |     1 |     1 |     2 |     4 |     2 ||    10
         Brothers in Arms  |       |       |     1 |     2 |     7 |     3 ||    13
  Evoke: Wand              |       |       |       |       |    24 |       ||    24
    Use: Scroll            |       |    11 |     4 |    12 |    12 |     6 ||    45
         Potion            |       |       |     1 |     3 |     5 |     2 ||    11
   Stab: Distracted        |       |       |       |     1 |     1 |     2 ||     4
         Petrified         |       |       |       |       |     4 |       ||     4
 Armour: Animal skin       |    29 |       |       |       |       |       ||    29
         Leather armour    |    14 |     2 |       |       |       |       ||    16
         Scale mail        |       |    41 |    65 |       |       |       ||   106
         Chain mail        |       |       |   124 |    56 |       |       ||   180
         Plate armour      |       |       |       |   273 |   719 |   190 ||  1182
         Pearl dragon scal |       |       |       |       |       |   287 ||   287
  Dodge: Dodged            |    38 |    42 |   112 |   123 |   212 |   174 ||   701
  Block: Buckler           |     3 |    38 |   140 |    34 |       |       ||   215
         Reflection        |       |     1 |     1 |    27 |    38 |    32 ||    99
         Kite shield       |       |       |       |   344 |   873 |   669 ||  1886

Table legend: (Time is in decaauts)
 A = Elapsed time spent in this place.
 B = Non-inter-level travel time spent in this place.
 C = Inter-level travel time spent in this place.
 D = Time resting spent in this place.
 E = Time spent auto-exploring this place.
 F = Levels seen in this place.
 G = Mean time per level.
                   A        B        C        D        E       F      G
               +--------+--------+--------+--------+--------+-----+--------+
         Total |  27711 |  26356 |   1355 |   4489 |  16630 |  28 |  989.7 |
       Dungeon |  14886 |  14082 |    804 |   1996 |   9379 |  15 |  992.4 |
          Lair |   7195 |   6896 |    299 |   1581 |   4116 |   5 | 1439.0 |
         Swamp |   2528 |   2428 |    100 |    481 |   1401 |   4 |  632.0 |
  Orcish Mines |   2207 |   2056 |    151 |    384 |   1217 |   2 | 1103.5 |
        Bailey |    446 |    446 |      0 |     32 |    254 |   1 |  446.0 |
       Volcano |    446 |    446 |      0 |     13 |    262 |   1 |  446.0 |
               +--------+--------+--------+--------+--------+-----+--------+

Top non-repeatable levels by time:
  Lair:5: 1987 daAuts
  Lair:2: 1592 daAuts
     D:4: 1307 daAuts
  Lair:4: 1306 daAuts
  Lair:1: 1300 daAuts
   Orc:1: 1222 daAuts
    D:12: 1186 daAuts
    D:14: 1160 daAuts
     D:6: 1146 daAuts
     D:9: 1137 daAuts
    D:13: 1128 daAuts
     D:7: 1057 daAuts
    D:10: 1037 daAuts
  Lair:3: 1008 daAuts
     D:3: 988 daAuts
